 Dungeon Crawl Stone Soup version 0.28.0-43-g3370ac3207 (webtiles) character file.

Game seed: 4278580696389262689

14132 Gabide the Thaumaturge (level 11, 0/82 HPs)
             Began as a Mummy Necromancer on Mar 21, 2022.
             Was a Priest of Sif Muna.
             Slain by a neqoxec (2 damage)
             ... summoned by a kobold demonologist
             ... on level 12 of the Dungeon on Mar 22, 2022.
             The game lasted 00:55:53 (16314 turns).

Gabide the Thaumaturge (Mummy Necromancer)         Turns: 16314, Time: 00:55:53

Health: 0/82       AC: 12    Str: 10 (11) XL:     11   Next: 84%
Magic:  0/28       EV: 13    Int: 14 (19) God:    Sif Muna [***...]
Gold:   471        SH:  0    Dex: 13      Spells: 9/37 levels left

rFire   x . .      SeeInvis .   s - +9 morningstar (protect)
rCold   + . .      Faith    .   (no shield)
rNeg    + + +      Spirit   .   a - +1 troll leather armour
rPois   ∞          Reflect  .   e - +0 helmet
rElec   .          Harm     .   (no cloak)
rCorr   .          Rampage  .   (no gloves)
Will    +....                   d - +1 pair of boots
Stlth   ++........              (no amulet)
HPRegen 1.03/turn               h - ring of wizardry
MPRegen 0.21/turn               i - +4 ring of protection

@: death channelling
A: cold resistance 1, negative energy resistance 3, torment resistance 2, heat
vulnerability 1, no potions
a: Renounce Religion, Channel Magic, Forget Spell


You were on level 12 of the Dungeon.
You worshipped Sif Muna.
Sif Muna was most pleased with you.
You visited 2 branches of the dungeon, and saw 14 of its levels.

You collected 576 gold pieces.
You spent 105 gold pieces at shops.

Inventory:

Hand Weapons
 s - a +9 morningstar of protection (weapon)
Armour
 a - a +1 troll leather armour (worn)
 d - a +1 pair of boots (worn)
 e - a +0 helmet (worn)
 l - +0 steam dragon scales
Jewellery
 h - a ring of wizardry (left hand)
 i - a +4 ring of protection (right hand)
 o - a +4 ring of evasion
 q - a ring of resist corrosion
Wands
 k - a wand of polymorph (2)
 n - a wand of flame (16)
Scrolls
 b - 2 scrolls of holy word
 c - 3 scrolls of vulnerability
 f - a scroll of identify
 g - a scroll of magic mapping
 j - a scroll of silence
 m - a scroll of fear
 p - a scroll of enchant armour
 r - 3 scrolls of noise


   Skills:
 * Level 6.3 Fighting
 + Level 3.1 Maces & Flails
 + Level 1.2 Armour
 * Level 5.5 Dodging
 + Level 2.5 Stealth
 * Level 13.8 Spellcasting
 * Level 12.3 Necromancy
 + Level 0.1 Evocations


You had 9 spell levels left.
You knew the following spells:

 Your Spells              Type           Power      Damage    Failure   Level
a - Pain                  Necr           100%       1d9       1%          1
b - Vampiric Draining     Necr           44%        2d9       1%          3
c - Dispel Undead         Necr           44%        3d17      1%          4
d - Agony                 Necr           44%        N/A       1%          5
e - Corpse Rot            Necr/Air       52%        N/A       1%          2
f - Swiftness             Air            9%         N/A       12%         3
g - Animate Dead          Necr           22%        N/A       1%          4
h - Death Channel         Necr           22%        N/A       3%          6

Your spell library contained the following spells:

 Spells                   Type           Power      Damage    Failure   Level
 Animate Skeleton         Necr           88%        N/A       1%          1
 Excruciating Wounds      Necr           22%        N/A       1%          5
 Magic Dart               Conj           36%        1d4       4%          1
 Call Imp                 Summ           9%         N/A       6%          2
 Ensorcelled Hibernation  Hex/Ice        18%        N/A       6%          2
 Passwall                 Tmut/Erth      7%         N/A       6%          2
 Scorch                   Fire           18%        2d6       6%          2
 Searing Ray              Conj           18%        2d5       6%          2
 Dazzling Flash           Conj/Hex       18%        N/A       12%         3
 Mephitic Cloud           Conj/Pois/Air  9%         N/A       12%         3
 Flame Wave               Conj/Fire      9%         2d5       34%         4
 Fulminant Prism          Conj/Hex       4%         3d6       34%         4
 Iskenderun's Mystic Bla  Conj/Tloc      9%         2d4       34%         4
 Lightning Bolt           Conj/Air       4%         1d16      67%         5
 Starburst                Conj/Fire      4%         6d4       99%         6
 Summon Cactus Giant      Summ           4%         N/A       99%         6
 Storm Form               Tmut/Air       Unusable   N/A       N/A         7

Dungeon Overview and Level Annotations

Branches:
Dungeon (13/15)            Temple (1/1) D:4            Lair (0/6) D:11
    Orc (0/2) D:9
 Vaults: D:13-14

Altars:
Ashenzari
Cheibriados
Dithmenos
Elyvilon
Fedhas
Gozag
Hepliaklqana
Kikubaaqudgha
Makhleb
Nemelex Xobeh
Okawaru
Qazlal
Ru
Sif Muna
Trog
Uskayaw
Vehumet
Wu Jian
Xom
Yredelemnul
Zin
The Shining One
Beogh

Shops:
D:2 *   D:5 :   D:7 *   D:8 (

Annotations:
D:4 1 runed translucent door, Ablot's ghost, amateur GnWr
D:5 2 transporters


Innate Abilities, Weirdness & Mutations

You are immune to poison.
Your flesh is cold resistant. (rC+)
You are immune to negative energy. (rN+++)
You are immune to unholy pain and torment.
You are vulnerable to heat. (rF-)
You do not drink.


Message History

The kobold brigand hits you but does no damage.
The neqoxec closely misses you.
The kobold demonologist looks encouraged for a moment.
Your spectral kobold demonologist barely misses the kobold demonologist.
The ice devil hits you but does no damage.
The sun demon hits you.
You are engulfed in flames!!
The fire burns you terribly!
* * * LOW HITPOINT WARNING * * *
Okay, then.
Unknown command.
Unknown command.
Casting: Vampiric Draining (safe; 1% risk of failure)
Confirm with . or Enter, or press ? or * to list all spells.
Okay, then.
Unknown command.
Unknown command.
Aiming: Vampiric Draining (safe; 1% risk of failure)
Press: ? - help, Q - select action, (/) - cycle Shift-Dir - straight line, f/p - kobold demonologist
Aim: a kobold demonologist, wielding a +0 dagger and wearing a +0 robe (severely wounded, ally target)
You draw life force from the kobold demonologist!
You feel life coursing into your body.
The kobold brigand hits you but does no damage.
The neqoxec closely misses you.
The kobold demonologist hits you but does no damage.
Your spectral kobold demonologist closely misses the kobold demonologist.
The sun demon closely misses you. The ice devil hits you!
* * * LOW HITPOINT WARNING * * *
The ice devil freezes you! You resist.
* * * LOW HITPOINT WARNING * * *
You closely miss the kobold demonologist.
The kobold demonologist is almost dead.
The kobold brigand hits you with a +0 dagger.
* * * LOW HITPOINT WARNING * * *
The kobold demonologist closely misses you.
The neqoxec closely misses you. The sun demon closely misses you.
Your spectral kobold demonologist hits the kobold demonologist but does no damage.
The ice devil hits you but does no damage.
The kobold brigand hits you but does no damage.
The neqoxec hits you.
You die...

#....## #..## #.#### ##..#
#####'##### ######.##
#.........# #........
#.........# #........
#.........# #.:......
#........Z###### #........
#.......3KK§...# #........
#........@####............
#.......34# ##........
#####+##### #........
######### ##########
.........####


You could see a sun demon (summoned), an ice devil (summoned), a kobold
demonologist (ally target), a neqoxec (summoned), a kobold brigand and a
friendly spectral kobold demonologist.

Vanquished Creatures
  Harold (D:8)
  A boulder beetle (D:11)
  A hydra (D:11)
  A two-headed ogre (D:12)
  2 centaur warriors
  2 ugly things
  An elephant (D:11)
  Maggie (D:7)
  2 kobold demonologists (D:12)
  A komodo dragon (D:12)
  A troll (D:12)
  A tyrant leech (D:12)
  3 wyverns
  2 basilisks
  14 yaks
  An acid dragon (D:12)
  9 orc warriors
  4 sky beasts
  A black bear (D:11)
  An ogre (D:5)
  6 centaurs
  A phantom (D:6)
  A kobold brigand (D:9)
  3 gnoll sergeants
  A scorpion (D:6)
  A water moccasin zombie (D:5)
  A bullfrog (D:8)
  A wyvern zombie (D:7)
  5 killer bees (D:9)
  An electric eel (D:12)
  14 wights
  A howler monkey (D:4)
  2 centaur zombies (D:8)
  5 hounds
  A jelly (D:5)
  7 orc priests
  A gnoll shaman (D:8)
  A bullfrog skeleton (D:6)
  A centaur skeleton (D:5)
  2 iguanas
  4 orc wizards
  A howler monkey zombie (D:6)
  18 gnolls
  2 adders (D:2)
  A howler monkey skeleton (D:7)
  2 white imps
  An adder skeleton (D:4)
  A worm (D:3)
  2 dart slugs
  35 orcs
  8 ball pythons
  4 bats
  8 endoplasms
  3 giant cockroaches
  7 goblins
  5 hobgoblins
  4 jackals (D:2)
  7 kobolds
  A quokka (D:3)
  3 frilled lizards
  7 rats
230 creatures vanquished.

Vanquished Creatures (collateral kills)
  A two-headed ogre (D:11)
  A vampire (D:11)
  A yak (D:9)
  A centaur (D:11)
4 creatures vanquished.

Vanquished Creatures (others)
  A demonspawn (D:1)
  2 vine stalkers (D:1)
  A merfolk (D:1)
  A spriggan (D:1)
  A formicid (D:1)
  A human (D:1)
  A naga (D:1)
  A demigod (D:1)
  A dwarf (D:1)
  2 gnolls (D:1)
  A fungus (D:11)
  5 plants (D:11)
  7 tentacles (D:1)
25 creatures vanquished.

Grand Total: 259 creatures vanquished

Notes
Turn   | Place    | Note
-------+----------+-------------------------------------------
     0 | D:1      | Gabide the Mummy Necromancer began the quest for the Orb.
     0 | D:1      | Reached XP level 1. HP: 13/13 MP: 4/4
     0 | D:1      | Noticed a human
     0 | D:1      | Noticed a merfolk
     0 | D:1      | Noticed a formicid
     0 | D:1      | Noticed a dwarf
     0 | D:1      | Noticed a spriggan
     0 | D:1      | Noticed a demigod
     0 | D:1      | Noticed a kraken
     0 | D:1      | Noticed a vine stalker
     0 | D:1      | Noticed a vine stalker
     0 | D:1      | Noticed a naga
     0 | D:1      | Noticed a demonspawn
     5 | D:1      | Killed a human
     5 | D:1      | Killed a formicid
     7 | D:1      | Killed a merfolk
     8 | D:1      | Killed a vine stalker
     8 | D:1      | Killed a spriggan
    12 | D:1      | Killed a demigod
    12 | D:1      | Killed a naga
    12 | D:1      | Killed a vine stalker
    12 | D:1      | Killed a demonspawn
    15 | D:1      | Killed a dwarf
   242 | D:1      | Found a faded altar of an unknown god.
   247 | D:1      | Reached XP level 2. HP: 20/20 MP: 1/5
   360 | D:1      | Reached skill level 3 in Spellcasting
  1577 | D:2      | Reached XP level 3. HP: 25/25 MP: 4/7
  1709 | D:2      | Learned a level 3 spell: Vampiric Draining
  2119 | D:2      | Found Vaeruj's General Store.
  2125 | D:2      | Bought a +0 helmet for 63 gold pieces
  2502 | D:2      | Reached skill level 4 in Spellcasting
  2504 | D:2      | Reached XP level 4. HP: 31/31 MP: 2/10
  2651 | D:2      | Learned a level 4 spell: Dispel Undead
  2820 | D:3      | Reached skill level 1 in Fighting
  3295 | D:3      | Reached skill level 5 in Necromancy
  3691 | D:4      | Reached XP level 5. HP: 34/37 MP: 2/11
  3957 | D:4      | Found a bloodstained altar of Trog.
  3959 | D:4      | Got the Handbook of Weightlessness
  4099 | D:4      | Found a runed translucent door.
  4101 | D:4      | Noticed Ablot's ghost (amateur GnWr)
  4101 | D:4      | Noticed an acid dragon
  4192 | D:4      | Learned a level 5 spell: Agony
  4323 | D:4      | Found a staircase to the Ecumenical Temple.
  4420 | Temple   | Entered the Ecumenical Temple
  4597 | Temple   | Became a worshipper of Sif Muna the Loreminder
  4696 | D:5      | Entered Level 5 of the Dungeon
  4696 | D:5      | Noticed a two-headed ogre
  4696 | D:5      | Noticed a hornet
  4696 | D:5      | Found a transporter.
  4696 | D:5      | Found a shimmering altar of Xom.
  4748 | D:5      | Found a transporter.
  4777 | D:5      | Reached skill level 5 in Spellcasting
  4777 | D:5      | Reached XP level 6. HP: 44/44 MP: 1/13
  5562 | D:5      | Found Suopun's Self-Improvement Boutique.
  5701 | D:5      | Reached skill level 6 in Spellcasting
  5701 | D:5      | Reached XP level 7. HP: 51/51 MP: 2/16
  6227 | D:6      | Found an iron altar of Okawaru.
  6227 | D:6      | Found a hide-covered altar of Uskayaw.
  6489 | D:6      | Reached skill level 7 in Spellcasting
  6645 | D:6      | Reached XP level 8. HP: 52/57 MP: 7/18
  7226 | D:6      | Learned a level 2 spell: Corpse Rot
  7230 | D:6      | Learned a level 3 spell: Swiftness
  7282 | D:7      | Found Liokar's Assorted Antiques.
  7285 | D:7      | Bought a scroll labelled KUXAIG FIROTTO for 21 gold pieces
  7285 | D:7      | Bought a scroll labelled BEMIRY SOTA for 21 gold pieces
  7298 | D:7      | Noticed Maggie
  7306 | D:7      | Killed Maggie
  7678 | D:7      | Reached skill level 1 in Maces & Flails
  7678 | D:7      | Reached skill level 8 in Spellcasting
  8234 | D:7      | Reached * piety under Sif Muna
  8528 | D:8      | Reached XP level 9. HP: 52/64 MP: 12/21
  8665 | D:8      | Found a broken altar of Ashenzari.
  8756 | D:8      | Found Tissekig's Antique Weapon Boutique.
  8811 | D:8      | Reached skill level 9 in Spellcasting
  9445 | D:8      | Reached skill level 10 in Spellcasting
  9483 | D:8      | Reached XP level 10. HP: 54/73 MP: 1/24
 10117 | D:8      | Reached ** piety under Sif Muna
 10280 | D:8      | Noticed Harold
 10291 | D:8      | HP: 1/73 [Harold/bolt of acid (4)]
 10309 | D:8      | Killed Harold
 10310 | D:8      | Reached skill level 5 in Fighting
 10310 | D:8      | Reached skill level 11 in Spellcasting
 10310 | D:8      | Reached skill level 10 in Necromancy
 12193 | D:9      | Found a staircase to the Orcish Mines.
 13030 | D:9      | Noticed a white ugly thing
 13040 | D:9      | Killed a white ugly thing
 13041 | D:9      | Reached skill level 12 in Spellcasting
 13213 | D:9      | Learned a level 4 spell: Animate Dead
 13220 | D:9      | Learned a level 6 spell: Death Channel
 13509 | D:10     | Entered Level 10 of the Dungeon
 13660 | D:10     | You fall into a shaft and drop 3 floors!
 13660 | D:13     | Noticed a death knight
 13660 | D:13     | Noticed a phantasmal warrior
 13692 | D:13     | Noticed a centaur warrior
 13699 | D:13     | Killed a centaur warrior
 13700 | D:13     | Reached XP level 11. HP: 41/80 MP: 13/27
 14013 | D:12     | Noticed a boulder beetle
 14014 | D:12     | a boulder beetle changed into a tyrant leech
 14135 | D:11     | Noticed a four-headed hydra
 14144 | D:11     | Killed a four-headed hydra
 14145 | D:11     | Reached skill level 5 in Dodging
 14161 | D:11     | Reached *** piety under Sif Muna
 14300 | D:11     | Noticed a two-headed ogre
 14447 | D:11     | Killed a two-headed ogre
 14622 | D:11     | Noticed a boulder beetle
 14656 | D:11     | Killed a boulder beetle
 14657 | D:11     | Reached skill level 13 in Spellcasting
 15142 | D:11     | Found a staircase to the Lair.
 15143 | D:11     | Noticed a centaur warrior
 15162 | D:11     | Killed a centaur warrior
 15727 | D:12     | Noticed a cyan ugly thing
 15736 | D:12     | Killed a cyan ugly thing
 15737 | D:12     | Reached skill level 1 in Armour
 15962 | D:12     | Noticed a two-headed ogre
 15971 | D:12     | Killed a two-headed ogre
 16298 | D:12     | Noticed a sixfirhy
 16310 | D:12     | Noticed a sun demon
 16313 | D:12     | HP: 2/82 [ice devil[a kobold demonologist] (9)]
 16314 | D:12     | Slain by a neqoxec

Illustrated notes

Levels and vault maps discovered:
D:1:      nicolae_arrival_kraken_aquarium_a, layout_basic,
          nicolae_ecumenical_snake_handling, serial_bayou, serial_bayou_shore_a,
          serial_bayou_ford_a, serial_bayou_pond_d, serial_bayou_pond_b,
          serial_bayou_pond_e, serial_bayou_crossing
D:2:      layout_basic, serial_shops, nicolae_shop_trees,
          amcnicky_mini_pool_small
D:3:      layout_loops_ring
D:4:      layout_rooms, trog_three_pillars_becter, minmay_temple_entry_poolview,
          ebering_ghost_inner_flame
D:5:      layout_cave_pools, gammafunk_temple_overflow_arena,
          nicolae_shop_self_help
D:6:      layout_cave_pools, chequers_temple_overflow_statue_of_worship,
          chequers_serial_rivers_large_a, hangedman_abyss_or_decor_lesser_grid,
          minmay_holes
D:7:      layout_loops_ring, serial_shops, nicolae_shop_behind_doors,
          uniq_maggie
D:8:      layout_cave_pods, lemuel_crystal_altar, serial_shops,
          nicolae_shop_waterfront, uniq_harold
D:9:      layout_loops_corners, david_orc_5, chequers_serial_rivers_small_a,
          minivault_26
D:10:     layout_irregular_city
D:11:     layout_basic, david_lair_generic
D:12:     layout_roguey, gauntlet_entry_generic, kennysheep_cluttered_room
D:13:     layout_roguey, erik_vaults_2
Temple:   minmay_crystal_spiral_temple

Skill      XL: |  1  2  3  4  5  6  7  8  9 10 11 |
---------------+----------------------------------+-----
Spellcasting   | 3 4 5 6 7 8 10 12 13 | 13.8
Fighting       | 1 2 3 4 5 6 |  6.3
Necromancy     | 5 6 7 8 9 11 12 | 12.3
Dodging        | 2 3 4 5 |  5.5
Maces & Flails | 1 2 3 |  3.1
Stealth        | 2 |  2.5
Armour         | 1 |  1.2
Evocations     | |  0.1

Action                   |  1- 3 |  4- 6 |  7- 9 | 10-12 || total
-------------------------+-------+-------+-------+-------++-------
Melee: Mace              |     6 |    25 |       |       ||    31
       Morningstar       |       |       |    82 |    99 ||   181
       Punch             |       |       |     3 |     2 ||     5
Throw: Throwing net      |       |       |       |     3 ||     3
 Cast: Pain              |    88 |    29 |     4 |    24 ||   145
       Vampiric Draining |       |    19 |    51 |   144 ||   214
       Dispel Undead     |       |     4 |    26 |     3 ||    33
       Agony             |       |     1 |     8 |    29 ||    38
       Corpse Rot        |       |       |     2 |     5 ||     7
       Death Channel     |       |       |       |     7 ||     7
       Animate Dead      |       |       |       |     2 ||     2
       Swiftness         |       |       |       |     2 ||     2
Evoke: Wand              |       |       |       |     8 ||     8
  Use: Scroll            |       |     5 |     9 |     6 ||    20
 Stab: Distracted        |       |       |       |     1 ||     1
       Sleeping          |       |       |       |     1 ||     1
Armor: Robe              |     5 |    27 |    20 |       ||    52
       Steam dragon scal |       |       |    39 |    55 ||    94
       Troll leather arm |       |       |       |   102 ||   102
Dodge: Dodged            |    12 |    40 |    94 |   228 ||   374
